 Dungeon Crawl Stone Soup version 0.17-a0-1468-gbf503c2 (webtiles) character file.

2374 pulse the Protected (level 9, -6/75 HPs)
             Began as a Formicid Berserker on July 1, 2015.
             Was an Elder of Trog.
             Mangled by a yak (12 damage)
             ... on level 7 of the Dungeon.
             The game lasted 00:17:00 (6583 turns).

pulse the Protected (Formicid Berserker)            Turns: 6583, Time: 00:17:00

Health: -6/75      AC: 16    Str: 25    XL:     9   Next: 73%
Magic:  9/9        EV: 15    Int:  7    God:    Trog [****..]
Gold:   151        SH:  0    Dex: 10    Spells: 0 memorised, 8 levels left

rFire  . . .     SeeInvis +     e - +2 mace (protect)
rCold  . . .     Clarity  .     v - +0 chain mail
rNeg   . . .     SustAt   .     (no shield)
rPois  .         Gourm    .     (helmet unavailable)
rElec  .         Spirit   .     (no cloak)
rCorr  .         Warding  .     (no gloves)
rMut   .         Stasis   +     (no boots)
MR     +....                    (no amulet)
Stlth  ..........               q - +6 ring of evasion
                                f - ring of protection from magic

@: somewhat resistant to hostile enchantments, extremely unstealthy
A: permanent stasis, dig shafts and tunnels, four strong arms, antennae 3
a: Dig, Shaft Self, Burn Spellbooks, Trog's Hand, Brothers in Arms, Renounce
Religion


You were on level 7 of the Dungeon.
You worshipped Trog.
Trog was greatly pleased with you.
You were very hungry.

You visited 1 branch of the dungeon, and saw 8 of its levels.

You collected 434 gold pieces.
You spent 283 gold pieces at shops.

Inventory:

Hand weapons
 b - a +0 hand axe
 e - a +2 mace of protection (weapon)
Armour
 v - a +0 chain mail (worn)
Jewellery
 f - a ring of protection from magic (left hand)
 m - an uncursed ring of invisibility
 n - an uncursed ring of fire
 q - a +6 ring of evasion (right hand)
 t - a +2 ring of strength
Magical devices
 h - a wand of magic darts (17)
 l - a wand of slowing (14)
 x - a wand of paralysis (8)
 C - a wand of lightning (0)
Scrolls
 a - 2 scrolls of fear {unknown}
 d - a scroll of enchant armour {unknown}
 g - 4 scrolls of teleportation {unknown}
 i - 2 scrolls of blinking {unknown}
 j - 2 scrolls of remove curse {unknown}
 o - 2 scrolls of noise {unknown}
 u - a scroll of recharging {unknown}
 w - a scroll of amnesia {unknown}
 y - a scroll of fog {unknown}
 D - a scroll of identify
 E - a scroll of magic mapping {unknown}
Potions
 r - a potion of magic
 s - a potion of resistance
 A - a potion of flight
Comestibles
 c - 6 bread rations
 k - 3 meat rations
 p - 2 fruits
 z - a slice of pizza
 B - a chunk of flesh


   Skills:
 + Level 8.9 Fighting
 * Level 5.8 Axes
 + Level 9.4 Armour
 - Level 1.7 Dodging
 + Level 0.7 Evocations


You had 8 spell levels left.
You didn't know any spells.

Dungeon Overview and Level Annotations

Branches:
Dungeon (8/15)             Temple (0/1) D:6
   Lair: D:8-11

Altars:
Elyvilon
Kikubaaqudgha
Makhleb
Okawaru
Trog
Zin

Shops:
D:5 =   D:6 *


Innate Abilities, Weirdness & Mutations

You are under a permanent stasis effect.
You can dig through walls and to a lower floor.
Your four strong arms can wield two-handed weapons with a shield.
You have a pair of large antennae on your head (SInv).


Message History

The yak is lightly wounded.
The yak barely misses you. The yak misses you.
You hit the yak.
The yak is lightly wounded.
The yak misses you.
A hippogriff comes into view.
The hippogriff screeches!
You hit the yak.
The yak is lightly wounded.
The yak gores you!
* * * LOW HITPOINT WARNING * * *
You barely miss the yak.
The yak is lightly wounded.
The yak gores you!
* * * LOW HITPOINT WARNING * * *
You thump the yak!
The yak is moderately wounded.
The yak misses you. x2
The yak gores you!
You die...

########## ### #........######
#.. #.............# #..
#...>@........+ +..
#..HY.........# #{.
#####.............########
..#..............#....{..
#.#..............'..{....
###.##.#..........#####.{{....
#<....>....#'###....# ########
###.###......# #....# #.....
#..........###....#####.....


You could see a yak and a hippogriff.

Vanquished Creatures
  A troll (D:7)
  Sigmund (D:6)
  A spriggan (D:7)
  Edmund (D:4)
  An ice beast (D:5)
  2 black bears (D:7)
  An orc warrior (D:6)
  2 ogres
  A centaur (D:6)
  Blork the orc (D:4)
  2 giant frogs
  3 killer bees (D:7)
  2 scorpions
  3 orc wizards
  A giant frog zombie (D:6)
  A hound (D:5)
  2 orc priests
  A centaur skeleton (D:6)
  6 worker ants
  Terence (D:2)
  An iguana (D:4)
  A hound skeleton (D:4)
  Robin (D:4)
  4 gnolls (D:7)
  7 adders
  An ooze (D:1)
  5 giant geckos
  15 orcs
  A bat skeleton (D:5)
  8 giant cockroaches
  19 goblins
  7 hobgoblins
  15 kobolds
  A quokka (D:3)
  3 ball pythons
  10 bats
  3 giant newts
  A jackal skeleton (D:6)
  2 quokka skeletons
  9 rats
148 creatures vanquished.

Notes
Turn   | Place    | Note
--------------------------------------------------------------
     0 | D:1      | pulse the Formicid Berserker began the quest for the Orb.
     0 | D:1      | Reached XP level 1. HP: 18/18 MP: 1/1
    25 | D:1      | Found an iron altar of Okawaru.
   102 | D:1      | Reached XP level 2. HP: 10/24 MP: 2/2
   400 | D:1      | Reached XP level 3. HP: 27/29 MP: 3/3
   532 | D:1      | Acquired Trog's second power
   694 | D:1      | Reached skill level 4 in Fighting
   890 | D:2      | Noticed Terence
   900 | D:2      | Killed Terence
   900 | D:2      | Reached XP level 4. HP: 15/38 MP: 4/4
  1744 | D:3      | Reached XP level 5. HP: 43/43 MP: 5/5
  1906 | D:4      | Reached skill level 5 in Fighting
  2037 | D:4      | Reached XP level 6. HP: 49/51 MP: 6/6
  2096 | D:4      | Noticed an ogre
  2109 | D:4      | Killed an ogre
  2109 | D:4      | Reached skill level 6 in Fighting
  2211 | D:4      | Noticed Blork the orc
  2307 | D:4      | Killed Blork the orc
  2330 | D:4      | Noticed Robin
  2332 | D:4      | Reached XP level 7. HP: 58/58 MP: 7/7
  2350 | D:4      | Killed Robin
  2350 | D:4      | Reached skill level 5 in Armour
  2844 | D:4      | Noticed Edmund
  2903 | D:4      | Killed Edmund
  3522 | D:5      | Entered Level 5 of the Dungeon
  3618 | D:5      | Found Ypsuts's Jewellery Emporium.
  3663 | D:5      | Reached skill level 7 in Fighting
  3766 | D:5      | Reached XP level 8. HP: 65/67 MP: 8/8
  3932 | D:5      | Bought a +2 ring of strength for 82 gold pieces
  3990 | D:5      | Acquired Trog's third power
  4657 | D:6      | Found Ygafasm's Assorted Antiques.
  4664 | D:6      | Bought a blackened iron ring for 115 gold pieces
  4764 | D:6      | Found a staircase to the Ecumenical Temple.
  4834 | D:6      | Noticed Sigmund
  4845 | D:6      | Killed Sigmund
  4866 | D:6      | Found a burning altar of Makhleb.
  4869 | D:6      | Found a white marble altar of Elyvilon.
  4869 | D:6      | Found a glowing silver altar of Zin.
  4872 | D:6      | Found an ancient bone altar of Kikubaaqudgha.
  4956 | D:6      | Reached skill level 8 in Fighting
  4956 | D:6      | Reached XP level 9. HP: 19/74 MP: 9/9
  4981 | D:6      | Reached skill level 5 in Axes
  5604 | D:6      | Bought a green potion for 20 gold pieces
  5604 | D:6      | Bought a scroll of identify for 46 gold pieces
  5604 | D:6      | Bought a bubbling golden potion for 20 gold pieces
  5898 | D:7      | Noticed a troll
  5918 | D:7      | Killed a troll
  6180 | D:7      | Found a bloodstained altar of Trog.
  6196 | D:7      | Reached skill level 9 in Armour
  6551 | D:7      | You fall through a shaft!
  6583 | D:7      | Mangled by a yak

Vault maps used:
D:1:      scummos_arrival_simple_fountains, hangedman_decor_peaks_small,
          okawaru_ov_weapons_minmay
D:2:      uniq_terence
D:4:      uniq_blork_the_orc, uniq_robin, uniq_edmund
D:5:      serial_shops, nicolae_shop_waterfront, first_bread
D:6:      grunt_temple_overflow_open, minmay_temple_entry_junction,
          serial_shops, shop, dk_noncrumbling_3, uniq_sigmund
D:7:      the_bakery, trog_ov_bears_minmay
D:8:      serial_shops, shop

Action                   |  1- 3 |  4- 6 |  7- 9 || total
-------------------------+-------+-------+-------++-------
Melee: Mace              |    78 |   100 |   374 ||   552
       Hand axe          |     5 |       |       ||     5
Invok: Burn Spellbooks   |       |     1 |     1 ||     2
       Trog's Hand       |       |       |     2 ||     2
 Abil: Shaft Self        |       |       |     1 ||     1
Evoke: Wand              |       |       |     7 ||     7
  Use: Scroll            |       |     3 |     5 ||     8
       Potion            |       |       |     4 ||     4
  Eat: Meat ration       |       |     1 |       ||     1
       Fruit             |       |     1 |       ||     1
       Chunk             |       |       |     9 ||     9
       Royal jelly       |       |       |     1 ||     1
       Beef jerky        |       |       |     1 ||     1
